[Event "Late-Titled-Tuesday-Blitz-October-17-2023"]
[Site "Chess.com"]
[Date "2023.10.17"]
[Round "7"]
[White "wanyaland"]
[Black "Sokoloco"]
[Result "1-0"]
[WhiteElo "2473"]
[BlackElo "2682"]
[TimeControl "180+1"]
[EndTime "15:15:05 PDT"]
[Termination "wanyaland won on time"]

1. d4 d5 2. c4 e6 3. Nc3 c6 4. e3 f5 5. Nf3 Nd7 6. g3 Ngf6 7.
Qd3 Ne4 8. Bg2 g5 9. O-O Qf6 10. Nd2 h5 11. f3 Nxd2 12. Bxd2 h4 13. e4 hxg3 14. hxg3 Bd6 15. e5 Bxe5 16. dxe5 Nxe5 17. Qe2 Nxc4 18. Rae1 Bd7 19. Bc1 O-O-O 20. b3 Nb6 21. Qe5 Qg6 22. a4 Na8 23. Be3 b6 24. a5 c5 25.
axb6 axb6 26. Ra1 Kb7 27. b4 cxb4 28. Ne2 Bb5 29. Bd4 Nc7 30. Ra7+ 1-0

[Event "Late-Titled-Tuesday-Blitz-October-17-2023"]
[Site "Chess.com"]
[Date "2023.10.17"]
[Round "7"]
[White "micke12a"]
[Black "arminmusovic"]
[Result "1-0"]
[WhiteElo "2383"]
[BlackElo "2467"]
[TimeControl "180+1"]
[EndTime "15:15:06 PDT"]
[Termination "micke12a won by resignation"]

1. d4 d5 2. Nc3 a6 3. e4 dxe4 4. Nxe4 Nf6 5. Nxf6+ exf6 6. Nf3 Bd6 7. Bd3 O-O 8. O-O Bg4 9. h3 Bh5 10. Re1 Nd7 11.
c3 Re8 12. Be3 Nf8 13. Be2 c6 14. Nd2 Bg6 15. Bh5 Rc8 16. Bxg6 hxg6 17. Qf3 Ne6 18.
Rad1 Bb8 19. Ne4 Qc7 20. g3 Rcd8 21. Nc5 Nxc5 22. dxc5 Qa5 23. a3 Qa4 24. Bd4 Qc2 25. b4 Qa2 26. Ra1 Rxe1+ 27. Rxe1 Qxa3 28. Re7 a5 29. b5 a4 30. Rxb7 cxb5 31. c6 Qd6 32. Rxb5 Bc7 33. Qd1 Qxc6 34. Qxa4 Re8 35. Kh2 Ra8 36. Rb8+ 1-0

[Event "Late-Titled-Tuesday-Blitz-October-17-2023"]
[Site "Chess.com"]
[Date "2023.10.17"]
[Round "7"]
[White "NormWeinstein"]
[Black "filipluczak05"]
[Result "0-1"]
[WhiteElo "2412"]
[BlackElo "2620"]
[TimeControl "180+1"]
[EndTime "15:15:10 PDT"]
[Termination "filipluczak05 won by resignation"]

1. e4 g6 2. d4 Bg7 3. Nf3 c5 4. dxc5 Na6 5. Bxa6 Qa5+ 6. Nc3 Qxa6 7. Qe2 Qc6 8. Be3 Nf6 9. Nd4 Qxc5 10. Ne6 Qa5 11. Nxg7+ Kf8 12. Bh6 Kg8 13. e5 Nd5 14. O-O Nxc3 15.
bxc3 b6 16. Qe3 Ba6 17. Rfd1 Bb5 18. Nh5 Bc6 19. Ng3 Rc8 20. h3 Qa4 21. Qg5 Qa3 22. Nf5 Re8 23. Bg7 h6 24. Bxh6 Rh7 25. Ng3 Qxc3 26.
Qe3 Qxc2 27. Bf4 Rh4 28. Bg5 Rc4 29. Rac1 Qxa2 30. Ra1 Qc2 31. Rxa7 Qxd1+ 32. Kh2 Qd4 33. Qa3 Qxe5 34. Be3 Qd5 35. f3 b5 36. Qa5 Ra4 37. Qb6 Rxa7 38. Qxa7 b4 39. Qb6 b3 40. Ne4 Qe5+ 41. Kg1 Bxe4 42. fxe4 Rb8 43. Qa7 b2 0-1

[Event "Late-Titled-Tuesday-Blitz-October-17-2023"]
[Site "Chess.com"]
[Date "2023.10.17"]
[Round "7"]
[White "whiteglovethief"]
[Black "Kostukov_Alex"]
[Result "0-1"]
[WhiteElo "2602"]
[BlackElo "2413"]
[TimeControl "180+1"]
[EndTime "15:15:10 PDT"]
[Termination "Kostukov_Alex won by resignation"]

1. d4 g6 2. e4 c5 3. Nf3 cxd4 4.
Nxd4 Bg7 5. Nc3 Nc6 6. Be3 Nf6 7. Be2 O-O 8. O-O d5 9. Nxc6 bxc6 10. exd5 Nxd5 11.
Bd4 e5 12. Bc5 Re8 13. Nxd5 cxd5 14. Bb5 Bd7 15. Bxd7 Qxd7 16. Ba3 d4 17. c3 d3 18. f3 f5 19. c4 Qd4+ 20. Kh1 Qxc4 21. Rc1 Qd4 22. Rc7 Rad8 23. Bc5 Qc4 24. b3 Qc2 25. Qxc2 dxc2 26. Bxa7 Rd1 27. Kg1 Ra8 28. Rxc2 Rxf1+ 29. Kxf1 Rxa7 30. Ke2 Kf7 31. Kd3 Ke6 32. a4 Kd5 33. Rc4 Bf8 34. Rc8 Bd6 35. Kc3 Rc7+ 36. Rxc7 Bxc7 37. b4 e4 38. fxe4+ fxe4 39. g3 Be5+ 40.
Kd2 Kc4 41. Ke3 Kd5 42. b5 Bc7 43. Ke2 Bb6 44. Kd2 Kd4 45. Ke2 e3 46. g4 Ke4 47. g5 Kf4 48. h4 Kg4 49. Kd3 Kf3 50. a5 Bxa5 0-1

[Event "Late-Titled-Tuesday-Blitz-October-17-2023"]
[Site "Chess.com"]
[Date "2023.10.17"]
[Round "7"]
[White "GlavkonVVS"]
[Black "Schwindle"]
[Result "1-0"]
[WhiteElo "2544"]
[BlackElo "2404"]
[TimeControl "180+1"]
[EndTime "15:15:11 PDT"]
[Termination "GlavkonVVS won by checkmate"]

1. c4 Nf6 2. Nc3 c6 3. Nf3 d5 4. d4 dxc4 5. a4 Bf5 6. e3 e6 7.
Bxc4 Nbd7 8. O-O Bb4 9. Ne2 O-O 10. b3 Bg4 11. Ng3 Qc7 12. h3 Bxf3 13. Qxf3 Bd6 14. Bb2 Rab8 15. Rac1 Qd8 16. Rfd1 Qe7 17. e4 Ba3 18.
Bxa3 Qxa3 19. e5 Nd5 20. Ne4 f5 21. Nd6 a6 22. Bxd5 exd5 23. Nxf5 g6 24. Nh6+ Kg7 25. Qe3 Rbe8 26. Ng4 Kh8 27. Rc3 Qe7 28. Qh6 Rf5 29. Rdd3 Ref8 30. Rf3 Qb4 31. Rcd3 Rh5 32. Qd2 Qe7 33.
Rxf8+ Nxf8 34. Rf3 Ne6 35. Nf6 Rf5 36. Rxf5 gxf5 37.
Qd3 Kg7 38. Qxf5 Nxd4 39. Qxh7+ Kf8 40. Qg8# 1-0

[Event "Late-Titled-Tuesday-Blitz-October-17-2023"]
[Site "Chess.com"]
[Date "2023.10.17"]
[Round "7"]
[White "Hirna2005"]
[Black "stasOR4ik"]
[Result "1-0"]
[WhiteElo "2325"]
[BlackElo "2420"]
[TimeControl "180+1"]
[EndTime "15:15:12 PDT"]
[Termination "Hirna2005 won by resignation"]

1. e4 e6 2. d4 d5 3. e5 c5 4.
c3 Nc6 5. Be3 f6 6. Nf3 cxd4 7.
cxd4 fxe5 8. Nxe5 Nxe5 9. dxe5 Bb4+ 10. Nc3 Qc7 11. Rc1 Qxe5 12. Qa4+ Bd7 13. Qxb4 Nf6 14.
Be2 a5 15. Qf4 Qxf4 16. Bxf4 O-O 17. O-O d4 18. Nb5 Nd5 19. Bd6 Bxb5 20. Bxb5 Rfd8 21. Be5 Nb4 22. a3 Rd5 23. axb4 Rxe5 24. Bc4 b5 25.
Bb3 a4 26. Ba2 a3 27. bxa3 Rxa3 28. Rc2 Kf7 29. f4 Ree3 30. f5 d3 31. fxe6+ Kg6 32.
Rd2 Re2 33. Rxe2 dxe2 34. Bb1+ Kg5 35. Re1 Re3 36. Ba2 Kf6 37. Kf2 Ra3 38. Rxe2 Ke7 39. Bd5 Ra4 40. Re4 h6 41. Bc6 g5 42. Bxb5 Ra2+ 43.
Be2 h5 44. b5 g4 45. g3 h4 46. gxh4 g3+ 47. hxg3 Rb2 48. h5 Kf6 49. h6 Kf5 50.
Re3 Kg6 51. e7 Kg5 52. e8=Q Rxb5 53. Qxb5+ Kxh6 54. Re6+ 1-0

[Event "Late-Titled-Tuesday-Blitz-October-17-2023"]
[Site "Chess.com"]
[Date "2023.10.17"]
[Round "7"]
[White "GaiozNigalidze"]
[Black "Fdpo95"]
[Result "1-0"]
[WhiteElo "2696"]
[BlackElo "2491"]
[TimeControl "180+1"]
[EndTime "15:15:13 PDT"]
[Termination "GaiozNigalidze won by resignation"]

1. d4 Nf6 2. c4 c5 3. d5 e6 4. Nc3 exd5 5. cxd5 d6 6. e4 g6 7. Bb5+ Nfd7 8. f4 Bg7 9. Nf3 O-O 10. a4 Na6 11. O-O Nb4 12. Bd2 a6 13. Be2 Re8 14. Re1 f5 15. exf5 gxf5 16. Ng5 Nf6 17. Bf3 Ng4 18. Bxg4 fxg4 19. Ne6 Bxe6 20. Rxe6 Rxe6 21. dxe6 Bd4+ 22. Kh1 Qh4 23. Ne4 Nd3 24. Qb3 g3 25.
h3 Nxf4 26. e7+ Kh8 27. Qf7 Qh5 28. Qf8+ 1-0

[Event "Late-Titled-Tuesday-Blitz-October-17-2023"]
[Site "Chess.com"]
[Date "2023.10.17"]
[Round "7"]
[White "vladislavkovalev"]
[Black "Sanan_Sjugirov"]
[Result "1-0"]
[WhiteElo "2879"]
[BlackElo "2943"]
[TimeControl "180+1"]
[EndTime "15:15:15 PDT"]
[Termination "vladislavkovalev won by resignation"]

1. e4 c5 2. Nf3 Nc6 3. Bb5 g6 4.
O-O Bg7 5. c3 Nf6 6. Re1 O-O 7.
d4 d5 8. exd5 Nxd5 9. dxc5 Bg4 10.
h3 Bxf3 11. Qxf3 e6 12. Nd2 Qa5 13. Bxc6 bxc6 14. Ne4 h6 15. Bd2 Qc7 16. c4 Ne7 17. Bc3 e5 18. Nf6+ Kh8 19. Bxe5 Qb7 20. Bc3 Nf5 21. Rad1 Rad8 22. Rxd8 Rxd8 23. Ne8 Bxc3 24. Qxc3+ Nd4 25. Nd6 1-0

[Event "Late-Titled-Tuesday-Blitz-October-17-2023"]
[Site "Chess.com"]
[Date "2023.10.17"]
[Round "7"]
[White "ural58"]
[Black "Chempiblinka"]
[Result "1-0"]
[WhiteElo "2511"]
[BlackElo "2308"]
[TimeControl "180+1"]
[EndTime "15:15:20 PDT"]
[Termination "ural58 won on time"]

1. e4 c5 2. b3 Nc6 3. Bb2 e5 4. f4 exf4 5. Qf3 Bd6 6. Bxg7 Nd4 7. Qf2 Nxc2+ 8. Kd1 Nxa1 9. Bxh8 Nf6 10. Bd3 Be5 11. Nf3 d6 12. Nxe5 dxe5 13. Bb5+ Bd7 14. Bxf6 Qxf6 15. Bxd7+ Kxd7 16. Qxc5 Qc6 17. Qxc6+ bxc6 18. Kc1 Rg8 19. Rg1 f3 20. g3 Rg4 21.
Nc3 f5 22. exf5 Rd4 23. Rf1 e4 24. g4 a5 25. g5 c5 26. h4 c4 27. bxc4 Rxc4 28.
Kb2 Rd4 29. Kxa1 Rxd2 30. Nxe4 Re2 31. Nf6+ Ke7 32. Rxf3 a4 33. Ra3 1-0

[Event "Late-Titled-Tuesday-Blitz-October-17-2023"]
[Site "Chess.com"]
[Date "2023.10.17"]
[Round "7"]
[White "Nekoo04"]
[Black "Necromon"]
[Result "0-1"]
[WhiteElo "2267"]
[BlackElo "2505"]
[TimeControl "180+1"]
[EndTime "15:15:20 PDT"]
[Termination "Necromon won on time"]

1. d4 Nf6 2. c4 c5 3. d5 b5 4. cxb5 a6 5. bxa6 g6 6. Nc3 Bg7 7. Nf3 d6 8. g3 Bxa6 9. Bg2 O-O 10. O-O Nbd7 11. Rb1 Qa5 12. Bd2 Rfb8 13. Qc2 Qc7 14. b3 Bb7 15. e4 Ba6 16. Rfd1 Ng4 17. a4 Bd4 18. Be1 Bf6 19. h3 Nge5 20. Nxe5 Nxe5 21.
f4 Nd7 22. e5 dxe5 23. d6 exd6 24. Nd5 Qd8 25. Nxf6+ Qxf6 26. Bxa8 Rxa8 27. Bc3 Bb7 28.
Qd2 d5 29. fxe5 Nxe5 30. Bxe5 Qxe5 31. Re1 Qf5 0-1

[Event "Late-Titled-Tuesday-Blitz-October-17-2023"]
[Site "Chess.com"]
[Date "2023.10.17"]
[Round "7"]
[White "Artem_Koval"]
[Black "AlexNovitz"]
[Result "1-0"]
[WhiteElo "2425"]
[BlackElo "2226"]
[TimeControl "180+1"]
[EndTime "15:15:24 PDT"]
[Termination "Artem_Koval won by checkmate"]

1. d4 Nf6 2. Nf3 e6 3. c4 Bb4+ 4. Bd2 a5 5. g3 b6 6. Bg2 Bb7 7.
O-O O-O 8. a3 Bxd2 9. Nbxd2 d6 10. Qc2 Nbd7 11. b4 e5 12. Rfd1 exd4 13. Nxd4 Bxg2 14.
Kxg2 Ne5 15. N2f3 Nxf3 16. Kxf3 axb4 17. axb4 Rxa1 18. Rxa1 Qd7 19. Qf5 c5 20. Qxd7 Nxd7 21. bxc5 dxc5 22. Nc6 f6 23. Ra7 Ne5+ 24. Nxe5 fxe5+ 25. Ke3 Rf6 26. Re7 Kf8 27. Rxe5 Kf7 28. f4 Rd6 29. Rd5 Re6+ 30. Kf3 Ke7 31. Re5 Rxe5 32. fxe5 Ke6 33. Ke4 g5 34. g4 h6 35. h3 Ke7 36.
Kd5 Kd7 37. e6+ Ke7 38. Ke5 Ke8 39. Kd6 Kd8 40. e7+ Ke8 41. Ke6 b5 42. cxb5 c4 43.
b6 c3 44. b7 c2 45. b8=Q# 1-0

[Event "Late-Titled-Tuesday-Blitz-October-17-2023"]
[Site "Chess.com"]
[Date "2023.10.17"]
[Round "7"]
[White "Arash_Tahbaz"]
[Black "vugarrasulov"]
[Result "1-0"]
[WhiteElo "2916"]
[BlackElo "2957"]
[TimeControl "180+1"]
[EndTime "15:15:25 PDT"]
[Termination "Arash_Tahbaz won by checkmate"]

1. Nf3 c5 2. g3 Nc6 3. Bg2 g6 4. O-O Bg7 5. c4 d6 6. Nc3 Nh6 7. d4 cxd4 8. Nxd4 Nxd4 9. Bxh6 Nxe2+ 10. Qxe2 Bxh6 11. Rfe1 Bg7 12. Rad1 Be5 13. Qd2 Bg4 14. Bxb7 O-O 15. Bxa8 Qxa8 16. Nd5 e6 17. Rxe5 exd5 18. Rxd5 Bxd1 19. Qxd1 Qb7 20. b3 Qa6 21. Qd2 Re8 22.
Rxd6 Qc8 23. Kg2 h5 24. h4 Kg7 25. Qd4+ Kg8 26. Qd5 Kg7 27. Rd7 Rf8 28. Rxa7 Qg4 29. c5 Qb4 30. c6 Qc3 31. Rd7 Qc2 32. c7 Qxa2 33. c8=Q Qxf2+ 34. Kxf2 Re8 35. Qxf7+ Kh6 36. Qg7# 1-0

[Event "Late-Titled-Tuesday-Blitz-October-17-2023"]
[Site "Chess.com"]
[Date "2023.10.17"]
[Round "7"]
[White "mfwagnerpeixoto"]
[Black "angryspacevoid"]
[Result "1-0"]
[WhiteElo "2339"]
[BlackElo "2440"]
[TimeControl "180+1"]
[EndTime "15:15:25 PDT"]
[Termination "mfwagnerpeixoto won by resignation"]

1. e4 e6 2. d4 Ke7 3. Nc3 Kd6 4. Nf3 Ke7 5. Bf4 d6 6. h3 f6 7. Bc4 h6 8. Qe2 g5 9. Bg3 Bg7 10. O-O-O Nc6 11. Rhe1 a6 12. e5 d5 13. exf6+ Nxf6 14. Bb3 Na5 15. Ne5 Nxb3+ 16. axb3 Re8 17. f4 c6 18. fxg5 hxg5 19. Rf1 Qa5 20. Kb1 Bd7 21. Qd3 Rg8 22. Rde1 Raf8 23. Ng6+ Kd8 24. Nxf8 Rxf8 25. Qg6 Ne8 26. Rxf8 Bxf8 27. Qxg5+ Be7 28. Qe5 Bf6 29.
Qb8+ Ke7 30. Qxb7 Bxd4 31. Bh4+ Kd6 32. b4 Qb6 33. Bg3+ Ke7 34. Qxb6 Bxb6 35. h4 Ng7 36. Bf4 Bf2 37. Bg5+ Kd6 38. Rf1 Bd4 39. g4 e5 40. h5 Bxg4 41. Rf6+ Ne6 42. h6 Kd7 43. Bh4 e4 44. h7 Bxf6 45. Bxf6 e3 46. h8=Q e2 47. Qh7+ Kd6 48. Nxe2 1-0

[Event "Late-Titled-Tuesday-Blitz-October-17-2023"]
[Site "Chess.com"]
[Date "2023.10.17"]
[Round "7"]
[White "ozates"]
[Black "Smiechu"]
[Result "1-0"]
[WhiteElo "2717"]
[BlackElo "2521"]
[TimeControl "180+1"]
[EndTime "15:15:30 PDT"]
[Termination "ozates won by checkmate"]

1. e4 c5 2. Nf3 g6 3. g3 Nc6 4.
Bg2 Bg7 5. O-O d6 6. c3 e6 7. d4 cxd4 8. cxd4 Nge7 9. Nc3 O-O 10. Re1 d5 11. e5 Nf5 12. Bg5 Qb6 13. Na4 Qb4 14. a3 Qa5 15. b4 Qc7 16. Rc1 Qd7 17. g4 Nfe7 18. Nc5 Qe8 19. Qd2 b6 20. Nb3 Ba6 21. Bf6 Bc4 22. Na1 a5 23. b5 Bxb5 24. Qg5 h6 25. Qh4 g5 26. Qh5 Bd3 27. Nxg5 Bg6 28. Qh4 hxg5 29. Qxg5 Ra7 30. Rc3 Nxd4 31. Bxg7 Ndf5 32. gxf5 Nxf5 33. Bf6 Ng7 34. Rh3 Bf5 35.
Qxg7# 1-0

[Event "Late-Titled-Tuesday-Blitz-October-17-2023"]
[Site "Chess.com"]
[Date "2023.10.17"]
[Round "7"]
[White "jcibarra"]
[Black "Nor1lsk"]
[Result "0-1"]
[WhiteElo "2900"]
[BlackElo "2738"]
[TimeControl "180+1"]
[EndTime "15:15:34 PDT"]
[Termination "Nor1lsk won by resignation"]

1. e4 c5 2. Nf3 e6 3. d3 Nc6 4.
g3 g6 5. Bg2 Bg7 6. O-O Nge7 7.
c3 e5 8. a3 O-O 9. b4 d6 10. Nbd2 h6 11. bxc5 dxc5 12. Nc4 Be6 13. Ne3 b5 14. Rb1 a6 15. c4 bxc4 16. dxc4 Nd4 17. Nd5 Nxd5 18. cxd5 Bg4 19. Qd3 c4 20. Qe3 c3 21. Nxd4 exd4 22. Qd3 Bd7 23. e5 Bf5 24.
Be4 Qxd5 25. Bxf5 gxf5 26. Rb4 Rfd8 27. Rd1 Qxe5 28. f3 Re8 29. Kf2 Re6 30. Rc4 Rae8 31. Bf4 Qe2+ 32. Qxe2 Rxe2+ 33. Kf1 c2 34. Rd2 Re1+ 0-1

[Event "Late-Titled-Tuesday-Blitz-October-17-2023"]
[Site "Chess.com"]
[Date "2023.10.17"]
[Round "7"]
[White "Predator0608"]
[Black "kiwibobo"]
[Result "1-0"]
[WhiteElo "2512"]
[BlackElo "2308"]
[TimeControl "180+1"]
[EndTime "15:15:35 PDT"]
[Termination "Predator0608 won by resignation"]

1. e4 e5 2. Nf3 Nc6 3. Bc4 Nf6 4. Ng5 d5 5. exd5 Na5 6. Bb5+ c6 7. dxc6 bxc6 8. Bd3 Nd5 9. Nf3 Bd6 10. O-O O-O 11. Re1 f5 12. Nxe5 Qf6 13. Nf3 g5 14. c4 Nf4 15. Bf1 g4 16. d4 gxf3 17. Qxf3 Ne6 18. Qc3 Nb7 19. b4 Qxd4 20. c5 Qxc3 21. Nxc3 Bc7 22. Bc4 Nd8 23. Bg5 Kg7 24. Be7 Re8 25.
Bh4 a5 26. b5 Kf8 27. b6 Bf4 28. Rad1 Bg5 29. Bxg5 Nxg5 30. Rxe8+ Kxe8 31. Re1+ Nge6 32. Na4 Rb8 33. Re5 Kd7 34. Rxf5 Nd4 35. Rh5 N8e6 36. Rxh7+ Ke8 37. Rh8+ Kd7 38. h4 Nf5 39. Rh7+ Ke8 40.
Bxe6 Bxe6 41. Rh8+ 1-0

[Event "Late-Titled-Tuesday-Blitz-October-17-2023"]
[Site "Chess.com"]
[Date "2023.10.17"]
[Round "7"]
[White "Gyulamiryan-koryun"]
[Black "HouseOfDurin"]
[Result "0-1"]
[WhiteElo "1949"]
[BlackElo "2269"]
[TimeControl "180+1"]
[EndTime "15:15:36 PDT"]
[Termination "HouseOfDurin won on time"]

1. e4 c5 2. Nf3 Nc6 3. d4 cxd4 4. Nxd4 g6 5. Be3 Bg7 6. Nc3 d6 7. f3 Nf6 8. Qd2 h5 9. O-O-O Nxd4 10. Bxd4 Bd7 11.
Kb1 Qa5 12. Nd5 Qxd2 13. Nxf6+ Bxf6 14. Rxd2 Bxd4 15. Rxd4 O-O-O 16. b3 b5 17. Rd5 a6 18.
a4 Bc6 19. Rg5 bxa4 20. Bxa6+ Kd7 21. b4 Ra8 22. Bc4 e6 23. b5 Rhb8 24. Ka2 Bb7 25. Rb1 Ra5 26. h4 Ke7 27. b6 Rxg5 28. hxg5 d5 29. Bd3 dxe4 30. fxe4 Kd6 31. c4 Bc6 32. Bc2 Kc5 33. Rf1 Rb7 34. Ka3 Kxb6 35. Rb1+ Ka5 36. Rxb7 Bxb7 37. g3 e5 38. Bb1 Bc8 39. Bc2 Be6 0-1

[Event "Late-Titled-Tuesday-Blitz-October-17-2023"]
[Site "Chess.com"]
[Date "2023.10.17"]
[Round "7"]
[White "frederiksvane"]
[Black "Tiqr777"]
[Result "1-0"]
[WhiteElo "2875"]
[BlackElo "2636"]
[TimeControl "180+1"]
[EndTime "15:15:37 PDT"]
[Termination "frederiksvane won by resignation"]

1. a3 e5 2. d4 exd4 3. Qxd4 Nc6 4. Qd3 Nf6 5. Nf3 d5 6. b4 a6 7. Bb2 Be7 8. e3 O-O 9. Be2 Ne4 10. O-O Bf6 11.
c3 Bf5 12. Qd1 h6 13. Nd4 Nxd4 14. cxd4 Be7 15. Nc3 Nxc3 16. Bxc3 Bd6 17. a4 Re8 18. b5 a5 19. Bb2 b6 20. Ba3 Re6 21. Qd2 Rg6 22.
Rfc1 Bxh2+ 23. Kxh2 Qh4+ 24. Kg1 Rxg2+ 25. Kxg2 Bh3+ 26. Kh2 Bf5+ 27. Kg1 Qg5+ 28. Kh2 Qh4+ 29. Kg2 Bh3+ 30. Kh1 Bf5+ 31. Kg1 Qg5+ 32. Bg4 Qxg4+ 33. Kf1 Qf3 34. Ke1 Bg4 35. Qd3 Re8 36. Rxc7 Re4 37. Rac1 f5 38. Re7 Rxd4 39. Rxg7+ Kxg7 40. Bb2 Kg6 41. Bxd4 1-0

[Event "Late-Titled-Tuesday-Blitz-October-17-2023"]
[Site "Chess.com"]
[Date "2023.10.17"]
[Round "7"]
[White "Jospem"]
[Black "Baku_Boulevard"]
[Result "1-0"]
[WhiteElo "3136"]
[BlackElo "3012"]
[TimeControl "180+1"]
[EndTime "15:15:39 PDT"]
[Termination "Jospem won by resignation"]

1. e4 c5 2. Nf3 Nc6 3. c3 Nf6 4. Bd3 g5 5. h3 d5 6. e5 c4 7. Bc2 g4 8. hxg4 Nxg4 9. Ba4 Bd7 10. d4 cxd3 11. Bf4 Bg7 12. Bxc6 bxc6 13. Qxd3 h5 14. Nbd2 Qb6 15. O-O h4 16. c4 h3 17.
Rac1 Rd8 18. c5 Qb4 19. g3 h2+ 20. Kh1 Rh5 21. a3 Qxb2 22. Rb1 Qa2 23. Rb7 Bf5 24. Qa6 Kf8 25. Rxa7 Be4 26. Ra8 Kg8 27. Rxd8+ Kh7 28. Nxe4 dxe4 29. Nd2 f5 30. Qc4 Qxa3 31. Qg8+ Kg6 32.
Qe8+ 1-0

[Event "Late-Titled-Tuesday-Blitz-October-17-2023"]
[Site "Chess.com"]
[Date "2023.10.17"]
[Round "7"]
[White "VincentKeymer"]
[Black "MikaelyanArman"]
[Result "1-0"]
[WhiteElo "3091"]
[BlackElo "2895"]
[TimeControl "180+1"]
[EndTime "15:15:42 PDT"]
[Termination "VincentKeymer won on time"]

1. Nf3 d5 2. e3 Nf6 3. c4 c6 4. Nc3 e6 5. b3 Nbd7 6. Bb2 Bd6 7. Qc2 O-O 8. Be2 b6 9. Rg1 Bb7 10. g4 e5 11. g5 Ne8 12. O-O-O a5 13. h4 a4 14. bxa4 Qe7 15. h5 Ba3 16.
d4 Bxb2+ 17. Kxb2 Nd6 18. dxe5 Nxe5 19. Nxe5 Qxe5 20. Rg4 Bc8 21. Rf4 Bf5 22. Qd2 Rxa4 23. cxd5 Ne4 24. Rxe4 Bxe4 25. a3 Ra5 26. f4 Qe8 27. d6 Bd5 28. Qd4 Qe6 29. e4 Qxd6 30. Qb4 Qxf4 31. exd5 1-0

[Event "Late-Titled-Tuesday-Blitz-October-17-2023"]
[Site "Chess.com"]
[Date "2023.10.17"]
[Round "7"]
[White "biostatistician"]
[Black "GMKrikor"]
[Result "0-1"]
[WhiteElo "2580"]
[BlackElo "2815"]
[TimeControl "180+1"]
[EndTime "15:15:42 PDT"]
[Termination "GMKrikor won on time"]

1. d4 Nf6 2. Nf3 g6 3. c4 Bg7 4. Nc3 d5 5. cxd5 Nxd5 6. e4 Nxc3 7. bxc3 c5 8. Be3 Qa5 9. Qd2 Nc6 10. Rc1 cxd4 11. cxd4 Qxd2+ 12. Kxd2 O-O 13. d5 Rd8 14.
Ke1 Na5 15. Bg5 Kf8 16. Bd3 h6 17. Bd2 b6 18. Ke2 e6 19. Bxa5 bxa5 20. Bc4 exd5 21.
Bxd5 Rb8 22. Rb1 Rb6 23. Ke3 Bb2 24. Bb3 Ba3 25. Bc4 Bc5+ 26. Ke2 Rb4 27. Rhc1 Bb7 28.
Rxb4 axb4 29. Bxf7 Bb6 30. Bxg6 Ba6+ 31. Ke1 b3 32.
Nd2 Ba5 33. Rd1 Rxd2 34. Rxd2 bxa2 0-1

[Event "Late-Titled-Tuesday-Blitz-October-17-2023"]
[Site "Chess.com"]
[Date "2023.10.17"]
[Round "7"]
[White "Noki102"]
[Black "Heinza9"]
[Result "1-0"]
[WhiteElo "2446"]
[BlackElo "2319"]
[TimeControl "180+1"]
[EndTime "15:15:43 PDT"]
[Termination "Noki102 won by resignation"]

1. d4 f5 2. g3 Nf6 3. Bg2 g6 4. Nh3 Bg7 5. Nf4 O-O 6. h4 d6 7. h5 e5 8. h6 exf4 9. hxg7 Kxg7 10.
Bxf4 Nc6 11. Bh6+ Kg8 12. Bxf8 Qxf8 13. Nc3 Bd7 14. Bxc6 bxc6 15. Qd3 d5 16. O-O Rb8 17. Na4 Ne4 18. e3 Qd6 19. Kg2 c5 20. Nxc5 Nxc5 21. dxc5 Qxc5 22. Qd4 Qxd4 23. exd4 Rxb2 24. Rfb1 Rxc2 25.
Rc1 Rc4 26. Rxc4 dxc4 27. Kf3 Bc6+ 28. Ke3 Kf7 29. Rb1 Ke6 30. Rb8 Be4 31. Kd2 Bd3 32. Ra8 Kd5 33. Ke3 Kc6 34. Rxa7 Kb6 35. Ra8 Kb5 36.
Rb8+ Kc6 37. Rh8 g5 38. Kd2 f4 39. gxf4 gxf4 40. Rf8 Kd5 41. Rxf4 c5 42. dxc5 Kxc5 43. Kc3 1-0

[Event "Late-Titled-Tuesday-Blitz-October-17-2023"]
[Site "Chess.com"]
[Date "2023.10.17"]
[Round "7"]
[White "Qvalda"]
[Black "NateSolon"]
[Result "0-1"]
[WhiteElo "2397"]
[BlackElo "2610"]
[TimeControl "180+1"]
[EndTime "15:15:46 PDT"]
[Termination "NateSolon won on time"]

1. Nf3 d5 2. g3 c6 3. c4 Nf6 4.
Bg2 dxc4 5. Na3 b5 6. b3 cxb3 7. Qxb3 e6 8. O-O a6 9. Ne5 Bb7 10. d4 Bd6 11. Nac4 Bc7 12. Ba3 Nd5 13. Bc5 f6 14.
Nd3 Bc8 15. Nd2 Kf7 16. e4 Nb6 17. f4 Na4 18. f5 Nxc5 19. dxc5 Qd4+ 20. Kh1 Rd8 21. Rf3 Qxa1+ 22. Nf1 Qd4 23. Bh3 Qxe4 24. fxe6+ Bxe6 25. Bxe6+ Qxe6 26. Qc3 Qd5 27. Nd2 Kg8 28. Kg2 Nd7 29. Kh3 Ne5 30. Nf4 Qxd2 31. Qb3+ Kh8 32.
Rf1 Qd7+ 33. Kg2 Qf7 34. Qb1 Rd2+ 35. Kg1 Rad8 36. Qe4 Qc4 37. Qf5 Qxc5+ 38. Kh1 Qc2 39. Qh5 Rf2 40. Rg1 Qe4+ 0-1

[Event "Late-Titled-Tuesday-Blitz-October-17-2023"]
[Site "Chess.com"]
[Date "2023.10.17"]
[Round "7"]
[White "gahryman"]
[Black "RichardShtivelband"]
[Result "1-0"]
[WhiteElo "2674"]
[BlackElo "2200"]
[TimeControl "180+1"]
[EndTime "15:15:47 PDT"]
[Termination "gahryman won by resignation"]

1. e4 e5 2. Nf3 Nc6 3. Bc4 Bc5 4. c3 Nf6 5. d3 h6 6. O-O d6 7. Re1 O-O 8. h3 a5 9. Bb5 Bd7 10. Ba4 Ba7 11. d4 Re8 12. Bc2 Qe7 13. Na3 Qf8 14. Nb5 Bb6 15. a4 exd4 16. cxd4 Nb4 17. Bb1 Re7 18. Nc3 Rae8 19. e5 Nfd5 20. Nxd5 Nxd5 21. Qd3 g6 22. Ba2 Bf5 23. Qd2 Nb4 24. Bb3 Kh7 25.
Ng5+ hxg5 26. Qxg5 Bxd4 27. Qh4+ Kg8 28. Bh6 Qxh6 29. Qxh6 Bxe5 30. g4 Bd3 31. Qg5 Bxb2 32. Rxe7 Rxe7 33. Qxe7 Bxa1 34. Qxf7+ 1-0

[Event "Late-Titled-Tuesday-Blitz-October-17-2023"]
[Site "Chess.com"]
[Date "2023.10.17"]
[Round "7"]
[White "Tunahan_Makaraci"]
[Black "zverr1"]
[Result "1-0"]
[WhiteElo "2395"]
[BlackElo "2504"]
[TimeControl "180+1"]
[EndTime "15:15:47 PDT"]
[Termination "Tunahan_Makaraci won on time"]

1. e4 c5 2. c3 g6 3. Nf3 Bg7 4. d4 cxd4 5. cxd4 d5 6. e5 a6 7. h3 Nc6 8. Nc3 f6 9. Bf4 Nh6 10. Bd3 fxe5 11. Nxe5 O-O 12. Bxh6 Bxh6 13. O-O Qd6 14. Qb3 e6 15. Nxc6 bxc6 16. Rae1 Bg7 17. Ne2 Rb8 18. Qc2 e5 19. dxe5 Bxe5 20. b3 Rb4 21.
Qd2 Rh4 22. Qg5 Rh5 23. Qe3 d4 24. Bc4+ Kh8 25. Qd2 Bxh3 26. gxh3 Rxh3 27. f4 Bg7 28. Kg2 Rh4 29. Rf3 Rg4+ 30. Rg3 Qd7 31. Qd3 c5 32. Qf3 Rxg3+ 33. Nxg3 a5 34. Ne4 Bh6 35. Nxc5 Qc7 36.
Ne6 1-0

[Event "Late-Titled-Tuesday-Blitz-October-17-2023"]
[Site "Chess.com"]
[Date "2023.10.17"]
[Round "7"]
[White "Elbebiber"]
[Black "OLDTERMINATOR"]
[Result "1-0"]
[WhiteElo "2138"]
[BlackElo "1646"]
[TimeControl "180+1"]
[EndTime "15:15:47 PDT"]
[Termination "Elbebiber won on time"]

1. d4 Nf6 2. Bg5 Ne4 3. Bf4 d5 4.
e3 e6 5. Bd3 Bd6 6. Ne2 Bxf4 7.
Nxf4 f5 8. Nd2 O-O 9. Nf3 Qe7 10. Ne5 Bd7 11. O-O Nc6 12. f3 Nxe5 13. dxe5 Ng5 14.
Ne2 Qc5 15. Qd2 f4 16. Nd4 fxe3 17. Qxe3 Nf7 18. c3 Qb6 19. Rf2 c5 20. Ne2 d4 21.
cxd4 cxd4 22. Qxd4 Qxd4 23. Nxd4 Nxe5 24. Be4 Rab8 25.
Rc1 Rfc8 26. Rfc2 Rxc2 27. Rxc2 b6 28. Rc7 Rc8 29. Rxc8+ Bxc8 30. b3 Kf7 31. Kf2 Ke7 32. Ke3 Kd6 33. Nb5+ Kc5 34. Nxa7 Ba6 35. Kd2 h6 36.
Kc3 1-0

[Event "Late-Titled-Tuesday-Blitz-October-17-2023"]
[Site "Chess.com"]
[Date "2023.10.17"]
[Round "7"]
[White "jaskol95"]
[Black "szachmistrz2500"]
[Result "1-0"]
[WhiteElo "2583"]
[BlackElo "2420"]
[TimeControl "180+1"]
[EndTime "15:15:50 PDT"]
[Termination "jaskol95 won by checkmate"]

1. e4 c5 2. Nf3 d6 3. Bb5+ Bd7 4. c4 e5 5. Nc3 Be7 6. d3 Nf6 7. h3 a6 8. Bxd7+ Nbxd7 9. Be3 Rb8 10. a4 O-O 11.
O-O Ne8 12. Nd2 Bg5 13. f4 Bxf4 14. Bxf4 exf4 15. Rxf4 Ne5 16. Nf3 Ng6 17. Rf5 Ne7 18. Rg5 Ng6 19. Qd2 Nc7 20. Rg3 Qe7 21. Rf1 b5 22. axb5 axb5 23. cxb5 Qd7 24. h4 Kh8 25. h5 Ne5 26. h6 g6 27. Nxe5 dxe5 28.
Qg5 f5 29. exf5 Rxf5 30. Rxf5 Qxf5 31. Qe7 Ne6 32. Rf3 Qg4 33. Ne4 Ra8 34. Rf1 Rb8 35.
b6 Rd8 36. Qxd8+ Nxd8 37. Rf8# 1-0